Map: Heavy Artillery LE

Players

Lizzee

  • Race: Protoss Protoss
  • League: Platinum
  • Spawn Location: 3:00

Dersky

  • Race: Terran Terran
  • Spawn Location: 1:00

qqq

  • Race: Zerg Zerg
  • League: Platinum
  • Spawn Location: 7:00

Massa

  • Race: Terran Terran
  • League: Platinum
  • Spawn Location: 7:00

VOD

Have the link to the VOD?

Description

Time

  • Played on: Jan. 24, 2021, 12:15 p.m.
  • Length: 15:17
Show
View Real Time Build Order
Export as new Build Order

Lizzee Protoss 

Build Orders: 1 Gate Expand, Double Forge, Blink Stalkers, Carriers 

Get SALT Encoding   

  12  0:00  Probe  
  13  0:12  Probe  
  14  0:22  Pylon  
  14  0:24  Probe  
  15  0:40  Probe (Chrono Boost), Gateway  
  16  0:49  Assimilator  
  16  0:52  Probe (Chrono Boost)  
  17  1:01  Probe (Chrono Boost)  
  18  1:07  Probe  
  19  1:19  Probe  
  20  1:31  Probe  
  21  1:40  Nexus  
  21  1:43  Probe  
  21  1:55  Probe  
  21  1:59  Cybernetics Core  
  21  2:00  Assimilator  
  22  2:07  Probe  
  23  2:19  Gateway  
  23  2:24  Pylon  
  23  2:29  Warp Gate (Chrono Boost)  
  23  2:33  Pylon  
  23  2:41  Twilight Council  
  23  2:42  Probe  
  24  2:54  Probe (Chrono Boost)  
  24  2:55  Probe (Chrono Boost)  
  26  3:04  Probe x2 (Chrono Boost)  
  28  3:09  Probe x2 (Chrono Boost)  
  30  3:13  Stalker x2  
  34  3:20  Probe, Blink (Chrono Boost)  
  34  3:24  Probe  
  36  3:33  Probe  
  37  3:36  Probe  
  38  3:45  Probe  
  38  3:48  Probe  
  40  3:52  Gateway  
  40  3:55  Forge  
  40  3:59  Robotics Facility  
  40  4:01  Probe  
  40  4:02  Probe  
  42  4:07  Stalker  
  44  4:10  Stalker  
  44  4:14  Probe x2  
  48  4:19  Assimilator  
  48  4:24  Assimilator  
  48  4:26  Probe x2  
  50  4:34  Forge  
  50  4:36  Gateway  
  50  4:38  Probe  
  51  4:52  Probe  
  51  5:13  Pylon  
  51  5:16  Stalker  
  53  5:26  Pylon  
  53  5:29  Pylon  
  53  5:30  Observer  
  53  5:33  Protoss Ground Weapons Level 1 (Chrono Boost), Protoss Ground Armor Level 1 (Chrono Boost)  
  53  5:34  Pylon  
  54  5:44  Stalker x3  
  54  5:45  Stalker  
  62  5:51  Observer  
  63  6:01  Pylon  
  63  6:26  Stalker x2  
  63  6:27  Stalker x2  
  71  6:37  Photon Cannon  
  71  6:38  Photon Cannon  
  71  6:40  Photon Cannon  
  71  6:42  Photon Cannon  
  71  6:44  Photon Cannon  
  71  6:46  Photon Cannon  
  71  6:48  Stargate  
  71  6:49  Stargate  
  71  6:52  Charge  
  71  6:57  Protoss Air Weapons Level 1  
  71  7:00  Observer  
  72  7:08  Nexus  
  72  7:09  Pylon  
  72  7:12  Observer, Pylon  
  72  7:18  Assimilator  
  72  7:20  Assimilator  
  72  7:39  Stalker  
  72  7:40  Stalker x3  
  80  7:45  Pylon  
  80  7:48  Pylon  
  80  7:51  Pylon  
  80  7:56  Gateway  
  80  8:00  Gateway  
  80  8:02  Gateway  
  80  8:06  Stalker x4  
  88  8:28  Probe x3  
  91  8:40  Probe x3  
  91  8:41  Stalker x4  
  100  8:48  Fleet Beacon  
  100  8:51  Stargate  
  100  8:52  Probe x3  
  103  8:56  Cybernetics Core  
  103  9:11  Probe x2  
  103  9:12  Probe  
  106  9:23  Probe x2  
  106  9:24  Probe  
  109  9:35  Probe  
  109  9:36  Probe x2  
  112  9:48  Probe x3  
  112  9:51  Protoss Air Armor Level 1  
  115  9:54  Nexus, Protoss Air Weapons Level 2  
  115  10:00  Probe  
  115  10:03  Pylon  
  115  10:05  Pylon  
  116  10:22  Stargate  
  116  10:25  Pylon  
  116  10:29  Pylon  
  116  10:32  Pylon  
  116  10:33  Carrier x2  
  128  10:36  Carrier  
  134  11:02  Observer  
  134  11:08  Assimilator  
  134  11:09  Probe x3  
  134  11:10  Probe  
  138  11:12  Assimilator  
  138  11:21  Probe x3  
  138  11:22  Probe  
  142  11:32  Carrier  
  148  11:37  Carrier x2  
  160  11:40  Carrier  
  160  11:43  Probe  
  160  11:44  Probe x2, Protoss Ground Weapons Level 2 (Chrono Boost), Protoss Ground Armor Level 2 (Chrono Boost)  
  167  12:04  Observer  
  157  12:44  Carrier x3 (Chrono Boost)  
  157  12:45  Carrier (Chrono Boost)  
  145  13:38  Carrier x4 (Chrono Boost)  
  168  14:21  Zealot x2  
  168  14:22  Zealot x5  
Show
View Real Time Build Order
Export as new Build Order

Dersky Terran 

Build Orders: Reaper Expand 

Get SALT Encoding   

  12  0:00  SCV  
  13  0:12  SCV  
  14  0:17  Supply Depot  
  14  0:24  SCV  
  15  0:38  SCV  
  15  0:40  Barracks  
  16  0:44  Refinery  
  16  0:50  SCV  
  17  1:03  SCV  
  18  1:15  SCV  
  19  1:27  Orbital Command  
  19  1:28  Reaper  
  20  1:40  Command Center  
  20  1:53  SCV  
  21  1:55  Barracks  
  21  2:01  Barracks Reactor  
  21  2:10  Supply Depot  
  21  2:12  SCV  
  22  2:20  Refinery  
  22  2:22  Factory  
  22  2:24  SCV  
  23  2:36  SCV  
  24  2:48  SCV, Marine x2  
  24  2:49  Barracks Tech Lab  
  27  3:06  Marine x2  
  27  3:10  SCV  
  27  3:11  Orbital Command  
  30  3:13  Stimpack  
  30  3:19  Marine  
  30  3:23  SCV, Marine  
  33  3:29  Marine  
  33  3:31  Starport  
  34  3:37  Marine  
  35  3:42  Factory Reactor  
  35  3:43  Marine  
  35  3:47  Marine  
  37  3:52  Supply Depot  
  37  3:55  Marine  
  37  3:57  SCV x2  
  37  4:00  Marine  
  40  4:05  Marine  
  40  4:09  SCV  
  42  4:12  Supply Depot  
  42  4:13  Marine  
  43  4:18  SCV, Marine  
  45  4:25  SCV, Marine  
  45  4:29  Medivac x2  
  45  4:31  Marine  
  52  4:32  SCV  
  52  4:36  Marine  
  54  4:40  Widow Mine  
  54  4:43  Marine, Command Center  
  54  4:44  Supply Depot  
  57  4:46  Supply Depot  
  57  4:47  SCV  
  57  4:48  Marine  
  57  4:49  SCV  
  60  4:57  Marine  
  60  4:59  SCV  
  62  5:00  Combat Shield  
  62  5:05  SCV  
  62  5:20  Marine x3  
  67  5:21  Widow Mine  
  67  5:22  Medivac x2  
  67  5:23  SCV  
  67  5:24  SCV  
  73  5:34  Engineering Bay  
  73  5:35  SCV, Engineering Bay  
  73  5:39  Supply Depot  
  73  5:40  Supply Depot  
  74  5:47  SCV  
  74  5:48  SCV  
  74  5:49  Refinery  
  76  5:52  Refinery, Viking  
  76  5:54  Viking  
  80  6:00  SCV, Marine x2  
  80  6:01  Marine  
  80  6:02  SCV  
  80  6:03  Terran Infantry Weapons Level 1  
  85  6:09  Orbital Command  
  85  6:12  SCV  
  85  6:17  Factory Tech Lab  
  86  6:18  Marine  
  86  6:20  Marine x2  
  86  6:22  SCV  
  86  6:24  SCV  
  91  6:36  SCV x3, Marine  
  91  6:38  Marine  
  96  6:43  Refinery  
  96  6:46  Terran Infantry Armor Level 1  
  96  6:47  Armory, Marine  
  96  6:48  SCV x2  
  96  6:50  Siege Tank  
  96  6:54  Marine  
  94  7:07  Marine x2  
  94  7:08  Medivac x2  
  94  7:12  Marine  
  92  7:24  SCV  
  92  7:25  SCV x2, Marine  
  92  7:27  Marine  
  92  7:28  Siege Tank  
  92  7:29  Refinery, Marine  
  98  7:33  Command Center  
  98  7:36  SCV  
  98  7:37  SCV  
  101  7:38  Sensor Tower, Terran Vehicle Weapons Level 1  
  101  7:43  SCV, Marine  
  101  7:44  Barracks  
  103  7:45  Barracks, Marine  
  103  7:46  Barracks  
  103  7:47  Marine  
  103  7:48  Supply Depot  
  103  7:49  SCV  
  106  7:56  SCV x2  
  108  8:01  SCV  
  109  8:07  Supply Depot  
  109  8:08  Terran Infantry Weapons Level 2, Supply Depot  
  109  8:10  SCV  
  110  8:26  Marine x3  
  112  8:27  Medivac, Siege Tank  
  112  8:29  Medivac  
  118  8:39  SCV x2  
  118  8:43  Marine  
  118  8:44  Marauder, Marine  
  122  8:59  Medivac, Siege Tank  
  122  9:01  Marine x2  
  126  9:05  Marine  
  114  9:19  Marine x2  
  109  9:26  Marine  
  100  9:31  Siege Tank  
  100  9:33  Barracks Reactor  
  100  9:34  Barracks Tech Lab  
  100  9:35  Barracks Reactor  
  100  9:36  SCV x2  
  100  9:37  Marine x2  
  107  9:39  Terran Infantry Armor Level 2  
  107  9:41  Terran Vehicle Weapons Level 2  
  107  9:42  SCV  
  107  9:44  Marine, Concussive Shells  
  109  9:48  SCV  
  109  9:51  Sensor Tower  
  110  9:53  Marine  
  110  9:55  SCV, Marine x2, Medivac  
  110  9:56  SCV  
  117  10:00  SCV  
  117  10:02  Marauder  
  117  10:03  Siege Tank  
  117  10:06  Planetary Fortress  
  123  10:08  SCV x2  
  123  10:10  Marine  
  123  10:11  Refinery  
  123  10:12  SCV  
  123  10:13  Marine  
  123  10:14  Marine x4  
  128  10:15  Refinery  
  128  10:18  Armory  
  128  10:20  SCV x2, Marine  
  135  10:24  Marauder  
  135  10:26  SCV  
  138  10:28  Orbital Command  
  138  10:29  Marauder  
  138  10:30  Marine  
  138  10:32  SCV x2, Marine x2, Supply Depot  
  138  10:33  Supply Depot  
  138  10:34  Command Center, Supply Depot  
  145  10:35  Siege Tank  
  145  10:40  Barracks  
  145  10:41  Barracks  
  148  10:48  Marauder  
  143  10:50  Marauder  
  141  11:01  Marine  
  141  11:02  Marine x3  
  145  11:04  Liberator x2  
  145  11:07  Siege Tank  
  145  11:09  Marauder  
  145  11:10  Marine x2  
  158  11:12  Marauder  
  160  11:20  Marine x3  
  159  11:29  Marine x3  
  159  11:31  Terran Infantry Weapons Level 3, Marauder  
  162  11:33  Marauder, Terran Vehicle And Ship Armor Level 1  
  162  11:38  Marine x3  
  161  11:41  Barracks Reactor, Barracks Tech Lab  
  161  11:46  Siege Tank  
  164  11:47  Marine x3  
  164  11:49  Factory  
  164  11:51  SCV  
  164  11:52  SCV x3, Marauder  
  166  11:54  Marauder  
  166  11:56  Marine  
  164  12:03  SCV  
  165  12:11  Marine  
  165  12:12  Marine x4  
  165  12:13  Marauder, Medivac x2  
  165  12:14  Marine  
  177  12:16  Marauder  
  177  12:18  Siege Tank  
  177  12:20  SCV x2  
  184  12:25  Planetary Fortress  
  184  12:27  SCV x2  
  184  12:29  Marine  
  187  12:52  Marine x5  
  187  12:53  Marauder x2, Supply Depot  
  187  12:54  Supply Depot  
  153  13:12  Marine x5  
  147  13:14  Marauder x2, Medivac x2, Siege Tank  
  158  13:20  Marine  
  158  13:23  Marine x2  
  158  13:24  Factory Tech Lab  
  161  13:29  SCV x2, Marine  
  161  13:30  Marine  
  161  13:31  Marine x3  
  161  13:32  Marine  
  161  13:33  Command Center  
  169  13:34  Command Center  
  169  13:36  Marauder x2  
  169  13:44  Marine  
  169  13:45  Marine x2  
  169  13:46  Siege Tank x2  
  169  13:47  Marine  
  170  13:49  Liberator x2  
  170  13:50  Marauder  
  173  13:57  Marauder x2  
  174  14:05  Marine x5  
  174  14:06  Marine x2  
  181  14:10  SCV  
  181  14:11  Marauder  
  181  14:15  Refinery x2  
  184  14:18  SCV x4, Siege Tank  
  184  14:19  Marauder x2  
  184  14:20  Marine  
  184  14:21  Siege Tank  
  184  14:23  Marine  
  200  14:28  Starport  
  200  14:29  Fusion Core  
  192  14:47  Marine x3  
  192  14:48  Marine x4  
Show
View Real Time Build Order
Export as new Build Order

qqq Zerg 

Build Orders: Hatch First, Lurkers, Swarm Host 

Get SALT Encoding   

  12  0:00  Drone  
  13  0:10  Drone  
  14  0:18  Overlord  
  14  0:45  Hatchery  
  14  0:48  Drone  
  14  0:52  Drone  
  14  0:56  Drone  
  16  1:01  Drone  
  17  1:20  Extractor, Spawning Pool  
  15  1:27  Drone x2  
  17  1:43  Drone x2  
  19  1:58  Drone  
  19  2:00  Drone  
  21  2:05  Overlord  
  21  2:11  Drone  
  21  2:13  Queen  
  23  2:24  Lair  
  23  2:35  Drone  
  24  2:38  Drone  
  24  2:43  Drone  
  26  2:46  Overlord  
  26  2:50  Extractor  
  25  2:57  Hatchery  
  25  3:01  Drone x3  
  25  3:04  Drone x2, Extractor  
  29  3:10  Queen  
  31  3:16  Drone  
  31  3:18  Drone  
  33  3:27  Drone, Infestation Pit  
  33  3:29  Drone  
  33  3:34  Drone  
  35  3:35  Drone  
  35  3:36  Drone  
  37  3:47  Nydus Network  
  36  3:48  Drone  
  36  3:49  Drone x2  
  36  3:50  Drone  
  40  4:06  Hydralisk Den  
  40  4:08  Extractor  
  40  4:09  Drone, Extractor  
  38  4:10  Overlord x3  
  38  4:13  Drone  
  38  4:15  Drone  
  40  4:19  Queen  
  40  4:24  Drone x2  
  44  4:27  Swarm Host  
  47  4:35  Overseer  
  47  4:36  Swarm Host  
  50  4:39  Drone x3  
  50  4:41  Drone  
  50  4:44  Swarm Host  
  57  5:06  Overseer  
  57  5:10  Hydralisk x3  
  63  5:21  Drone  
  63  5:22  Drone x6  
  63  5:25  Hydralisk  
  63  5:27  Muscular Augments  
  72  5:32  Spore Crawler x2  
  72  5:35  Spore Crawler x2  
  69  5:39  Drone  
  69  5:40  Drone x2, Spine Crawler  
  70  5:53  Spore Crawler  
  70  5:54  Spine Crawler, Spore Crawler x2  
  66  6:04  Hydralisk x2  
  66  6:05  Hydralisk x2  
  66  6:09  Overlord  
  74  6:24  Overlord  
  74  6:30  Evolution Chamber  
  74  6:32  Lurker Den, Evolution Chamber  
  71  6:39  Grooved Spines  
  71  6:54  Swarm Host x3  
  71  6:56  Swarm Host x3  
  71  6:58  Overlord x2  
  71  6:59  Overlord  
  86  7:29  Drone  
  88  7:30  Drone x5  
  92  7:37  Hydralisk x2  
  92  7:38  Hydralisk  
  92  7:41  Zerg Missile Weapons Level 1, Zerg Ground Armor Level 1  
  92  7:43  Drone  
  99  7:50  Extractor  
  98  7:52  Extractor  
  98  7:57  Hydralisk x2  
  98  7:58  Hydralisk  
  103  7:59  Swarm Host  
  106  8:10  Overlord x2  
  106  8:32  Hatchery  
  105  8:37  Hatchery  
  104  8:41  Swarm Host x2  
  104  8:42  Hydralisk x4  
  104  8:44  Drone x3  
  104  8:46  Lurker  
  122  8:50  Hive  
  97  9:27  Hydralisk x3  
  97  9:28  Swarm Host x3  
  112  9:33  Hatchery  
  111  9:39  Zerg Ground Armor Level 2, Zerg Missile Weapons Level 2  
  111  9:47  Drone  
  111  9:51  Lurker  
  113  9:58  Drone, Lurker  
  113  9:59  Drone  
  116  10:03  Drone  
  117  10:07  Drone x3  
  120  10:28  Overlord x3  
  120  10:29  Overlord  
  120  10:39  Hatchery  
  115  11:02  Lurker x6  
  115  11:03  Lurker x2  
  123  11:39  Swarm Host x3  
  120  11:40  Swarm Host x2  
  120  11:42  Seismic Spines  
  120  11:44  Drone x4  
  120  11:45  Drone x5  
  144  11:49  Queen  
  146  12:25  Queen  
  148  12:39  Hydralisk x4  
  148  12:41  Overlord x2  
  124  13:13  Hydralisk x2  
  124  13:14  Hydralisk x4  
  136  13:23  Spire  
  131  13:36  Hatchery  
  116  14:01  Hydralisk  
  116  14:02  Hydralisk x5  
  121  14:05  Drone x3  
  121  14:06  Drone x3  
  128  14:11  Extractor  
  128  14:12  Extractor  
  128  14:13  Extractor  
  128  14:14  Extractor  
  128  14:17  Lurker x6  
  125  14:21  Viper x2  
  125  14:22  Drone x2  
  125  14:23  Drone x3  
Show
View Real Time Build Order
Export as new Build Order

Massa Terran 

Build Orders:  

Get SALT Encoding   

  12  0:00  SCV  
  13  0:12  SCV  
  14  0:22  Supply Depot  
  14  0:24  SCV  
  15  0:44  SCV  
  15  0:45  Barracks  
  15  0:49  Refinery  
  16  0:56  SCV  
  17  1:08  SCV  
  18  1:20  SCV  
  20  1:32  SCV  
  20  1:42  Barracks Reactor  
  20  1:44  Orbital Command  
  20  1:49  Command Center  
  20  2:00  Supply Depot  
  20  2:13  Factory  
  20  2:14  SCV  
  21  2:18  Marine x2  
  23  2:26  SCV  
  24  2:36  Marine x2  
  26  2:38  SCV  
  27  2:54  Marine x2  
  29  3:24  Barracks Tech Lab  
  29  3:26  Hellion x2  
  33  3:28  Starport  
  33  3:32  Orbital Command  
  33  3:33  SCV  
  33  3:45  SCV  
  33  3:48  Hellion x2  
  38  4:02  SCV x2  
  40  4:08  Engineering Bay  
  40  4:10  Command Center  
  40  4:14  SCV  
  41  4:19  Barracks Tech Lab  
  41  4:22  Barracks  
  41  4:33  SCV x2  
  43  4:40  Missile Turret  
  43  4:44  Missile Turret  
  43  4:45  SCV x2  
  45  4:47  Refinery  
  45  4:50  Cloaking Field  
  45  4:57  SCV  
  45  4:59  Supply Depot x2  
  46  5:20  Banshee, Hellion x2, SCV  
  46  5:21  SCV, Marauder  
  57  5:22  Stimpack  
  57  5:24  Supply Depot  
  57  5:34  SCV x2  
  59  5:40  SCV  
  59  5:42  Hellion x2  
  64  5:43  Refinery  
  64  5:44  Barracks Reactor  
  64  5:45  Refinery, Barracks  
  64  5:46  SCV x2  
  66  5:50  Barracks  
  66  5:52  SCV  
  67  5:58  SCV  
  68  6:09  Hellion x2  
  55  7:06  Hellion x2  
  55  7:07  Marauder, Marine x3  
  55  7:08  Marine  
  54  7:09  Medivac  
  54  7:15  Factory  
  54  7:22  Barracks x2  
  54  7:25  Marine x4, Combat Shield  
  54  7:27  Hellion x2  
  54  7:29  Marauder  
  64  7:39  Medivac  
  66  7:49  Command Center  
  66  7:50  SCV x2, Marauder  
  70  8:01  Barracks Tech Lab x2  
  70  8:02  SCV x2, Marine x2  
  74  8:11  Marauder  
  76  8:14  SCV, Planetary Fortress  
  76  8:15  SCV  
  75  8:20  Marine x2  
  75  8:25  Medivac  
  75  8:26  SCV  
  75  8:27  SCV, Marauder x2  
  70  8:33  Marauder  
  72  8:34  Barracks  
  72  8:37  Marine  
  72  8:38  SCV  
  72  8:39  SCV, Factory Tech Lab  
  75  8:41  Barracks Tech Lab  
  75  8:43  Terran Infantry Weapons Level 1  
  75  8:44  Factory Tech Lab  
  75  8:47  Armory  
  75  8:48  Marauder x2  
  79  8:50  SCV  
  79  8:51  Engineering Bay  
  79  8:54  Marauder  
  69  9:06  Siege Tank  
  69  9:07  Siege Tank  
  69  9:09  Marauder x2  
  80  9:10  Marauder, Marine x2  
  80  9:16  Marauder  
  83  9:27  Marine  
  83  9:28  Marine  
  83  9:31  Marauder x3  
  87  9:35  Medivac  
  87  9:37  Marauder  
  91  9:38  Siege Tank  
  91  9:39  Siege Tank  
  91  9:40  SCV x3  
  91  9:43  Orbital Command  
  100  9:47  Supply Depot  
  100  9:49  Marine x2  
  100  9:52  SCV x3, Marauder, Marine x2, Supply Depot  
  97  9:54  Supply Depot x2  
  97  9:56  Supply Depot  
  97  9:57  Supply Depot  
  97  9:58  Marauder  
  97  10:04  SCV x2  
  97  10:06  Marine  
  100  10:09  Marine x2  
  100  10:10  Marauder, Siege Tank  
  107  10:14  Marauder  
  107  10:18  SCV  
  107  10:19  SCV x3  
  107  10:20  Marauder  
  115  10:23  Refinery  
  115  10:30  Refinery, SCV  
  115  10:31  SCV x3  
  115  10:33  Smart Servos  
  115  10:35  Raven  
  121  10:39  Missile Turret  
  121  10:42  SCV  
  121  10:43  SCV x3  
  121  10:44  Missile Turret  
  125  11:01  Missile Turret  
  123  11:41  Medivac  
  108  12:03  Siege Tank x2  
  114  12:10  Marauder  
  114  12:11  Marauder x2, Medivac  
  114  12:12  Barracks Tech Lab  
  114  12:13  Marine  
  114  12:14  Marine  
  110  12:28  Marine  
  96  12:31  Marine  
  96  12:32  SCV x2, Marauder x3  
  96  12:33  SCV x2  
  96  12:35  Siege Tank  
  103  12:44  SCV  
  103  12:45  SCV x2  
  103  12:46  Marine  
  82  13:10  Marine x4  
  83  13:15  Viking  
  82  13:25  Missile Turret  
  70  13:27  Missile Turret  
  70  13:28  Marine x2, Missile Turret  
  70  13:30  SCV x3, Missile Turret  
  70  13:31  Missile Turret  
  70  13:32  Missile Turret  
  70  13:33  Missile Turret  
  76  13:42  SCV  
  76  13:43  SCV x2  
  76  13:45  Barracks, Viking  
  76  13:46  Marine x2  
  76  13:47  Barracks, Command Center  
  81  13:48  Barracks  
  81  13:54  SCV  
  81  13:55  SCV x2  
  82  14:04  Marine x2  
  82  14:06  SCV  
  65  14:20  Engineering Bay  
  65  14:21  Engineering Bay  
  65  14:22  Marine, Medivac  
  67  14:26  Marine  
  67  14:35  Barracks  
  67  14:39  Marine  
  67  14:43  Marine  
  55  14:53  Missile Turret  
  55  14:54  Missile Turret  
  55  14:55  Missile Turret  
  55  14:57  Marine, Missile Turret  
  56  15:00  Missile Turret  
  56  15:01  SCV x2  
  58  15:11  Missile Turret  
Tags
 
Add a new tag
Caveats
  • Supply blocks, unpowered buildings, or Contaminate may cause inaccurate times.
  • Supply counts are checked every 10 seconds.